Map: Galactic Process LE

Players

Noobmare

  • Race: Zerg Zerg
  • League: Diamond

Iceman - Winner!

  • Race: Zerg Zerg
  • League: Diamond

VOD

Have the link to the VOD?

Description

Time

  • Played on: July 19, 2016, 4:24 a.m.
  • Length: 9:16
Show
View Real Time Build Order
Export as new Build Order

Noobmare Zerg 

Build Orders: Hatch First, Zergling Baneling 

Get SALT Encoding   

  12  0:01  Drone  
  13  0:13  Overlord  
  13  0:20  Drone  
  14  0:32  Drone x2  
  16  0:37  Drone  
  17  0:55  Hatchery  
  16  0:59  Drone  
  16  1:03  Extractor  
  16  1:05  Drone  
  17  1:19  Spawning Pool  
  17  1:22  Drone  
  17  1:26  Drone  
  17  1:32  Drone  
  19  1:43  Overlord  
  19  2:07  Queen x2  
  23  2:09  Metabolic Boost  
  23  2:18  Zergling x4  
  23  2:19  Zergling x2  
  26  2:23  Zergling x2  
  26  2:26  Zergling x2  
  28  2:35  Baneling Nest  
  27  2:41  Zergling x4  
  27  2:44  Zergling x2  
  30  2:47  Zergling x2  
  31  2:57  Zergling x4  
  33  3:08  Zergling x4  
  35  3:14  Zergling x2  
  35  3:16  Overlord  
  35  3:18  Overlord  
  36  3:33  Zergling x4  
  36  3:34  Zergling x4  
  36  3:41  Zergling x4  
  36  3:43  Baneling  
  36  3:51  Zergling x4  
  38  4:00  Zergling x4  
  38  4:01  Baneling x2  
  38  4:16  Zergling x6  
  32  4:30  Zergling x2  
  32  4:31  Zergling x4  
  34  4:37  Zergling x2  
  34  4:41  Zergling x2  
  35  4:48  Zergling x2  
  35  4:53  Baneling x6  
  35  4:54  Zergling x2  
  35  4:57  Zergling x2  
  37  5:00  Zergling x2  
  38  5:08  Zergling x2  
  39  5:20  Zergling x4  
  39  5:21  Zergling x10  
  38  5:32  Zergling x4  
  34  5:40  Zergling x2  
  35  5:44  Baneling x5  
  35  5:45  Baneling  
  35  5:46  Zergling x2  
  35  5:47  Zergling x2  
  37  5:51  Zergling x2  
  38  6:07  Zergling x8  
  41  6:24  Zergling x6  
  41  6:25  Zergling x4  
  46  6:26  Zergling x2  
  46  6:32  Zergling x2  
  48  6:33  Zergling x2  
  48  6:37  Zergling x2  
  50  6:53  Zergling x6  
  50  7:02  Zergling x2  
  43  7:19  Zergling x12  
  43  7:20  Zergling x4  
  45  7:29  Zergling x4  
  44  7:30  Zergling x2  
  44  7:35  Zergling x2  
  37  7:39  Zergling x2  
  37  7:51  Baneling x3  
  37  7:52  Baneling x5  
  37  7:56  Zergling x2  
  38  8:01  Zergling x2  
  38  8:04  Zergling x2  
  40  8:19  Zergling x8  
  38  8:22  Zergling x2  
  38  8:26  Zergling x2  
  39  8:32  Zergling x2  
  39  8:33  Zergling x2  
  35  8:42  Zergling x4  
  35  8:46  Zergling x2  
  34  8:48  Zergling x2  
  34  8:56  Zergling x4  
  34  8:59  Zergling x2  
Show
View Real Time Build Order
Export as new Build Order

Iceman Zerg - Winner!

Build Orders: Hatch First 

Get SALT Encoding   

  12  0:02  Drone  
  13  0:16  Overlord  
  13  0:17  Drone  
  14  0:34  Drone x2  
  16  0:38  Drone  
  17  0:56  Hatchery  
  16  0:58  Drone  
  16  1:00  Drone  
  18  1:14  Spawning Pool  
  18  1:15  Extractor  
  18  1:17  Drone  
  17  1:21  Drone  
  18  1:31  Overlord  
  18  2:01  Zergling x4  
  20  2:02  Queen  
  20  2:06  Drone  
  23  2:14  Drone  
  24  2:15  Metabolic Boost  
  24  2:17  Drone  
  24  2:19  Drone  
  26  2:26  Drone  
  26  2:29  Drone  
  28  2:35  Baneling Nest  
  28  2:36  Zergling x2  
  28  2:41  Overlord  
  28  2:43  Queen  
  30  2:47  Zergling x2  
  30  2:51  Zergling x2  
  32  3:04  Zergling x4  
  34  3:11  Zergling x8  
  34  3:12  Overlord  
  38  3:22  Zergling x2  
  38  3:23  Baneling x2  
  38  3:24  Baneling x2  
  38  3:25  Zergling x2  
  40  3:33  Zergling x2  
  37  3:35  Zergling x2  
  36  3:44  Zergling x6  
  36  3:45  Zergling x2  
  40  3:55  Zergling x8  
  44  3:59  Drone  
  42  4:15  Zergling x6  
  39  4:26  Spine Crawler, Drone, Roach Warren  
  39  4:27  Drone  
  39  4:28  Drone  
  35  4:32  Drone x3  
  35  4:34  Zergling x2  
  35  4:36  Baneling  
  35  4:37  Baneling x2  
  37  4:41  Zergling x2  
  37  4:43  Zergling x2  
  37  4:53  Zergling x2  
  37  4:54  Overlord  
  40  5:01  Extractor  
  40  5:02  Lair  
  40  5:03  Drone x4  
  41  5:17  Baneling  
  41  5:18  Zergling x2, Baneling x3  
  41  5:19  Zergling x2  
  42  5:26  Zergling x4  
  41  5:35  Zergling x2  
  40  5:36  Roach x3  
  40  5:37  Roach  
  40  5:40  Extractor  
  47  5:45  Baneling  
  47  5:51  Roach  
  47  5:52  Zergling x2  
  47  5:56  Drone  
  47  5:57  Drone  
  52  6:07  Roach x2  
  56  6:17  Roach x2  
  58  6:19  Overlord x2  
  58  6:24  Drone  
  59  6:29  Overlord  
  59  6:36  Queen  
  59  6:37  Roach  
  59  6:39  Roach  
  62  6:54  Roach x2  
  62  6:55  Roach x3  
  62  6:57  Glial Reconstitution  
  62  7:00  Drone  
  62  7:01  Drone  
  72  7:12  Roach x2  
  63  7:25  Roach x4  
  71  7:31  Roach  
  71  7:33  Roach  
  65  7:37  Roach  
  65  7:40  Queen x2  
  71  7:44  Drone  
  71  7:46  Extractor  
  71  7:48  Drone  
  71  7:49  Drone  
  71  7:50  Drone x2  
  75  7:57  Drone  
  76  8:02  Drone  
  76  8:03  Evolution Chamber  
  76  8:05  Roach  
  78  8:08  Ravager  
  78  8:12  Ravager  
  80  8:14  Ravager  
  80  8:16  Roach x2  
  80  8:18  Roach  
  83  8:23  Ravager  
  83  8:26  Overlord x2  
  84  8:34  Overlord x2  
  84  8:41  Roach  
  84  8:42  Roach  
  84  8:44  Roach  
  84  8:47  Roach x2  
  84  8:48  Roach  
  92  8:49  Spore Crawler  
  92  8:52  Spore Crawler  
  92  8:53  Roach  
  92  8:54  Roach  
  94  8:57  Zergling x2  
  94  8:58  Zergling x2  
  94  8:59  Zergling x2  
  97  9:07  Hydralisk Den  
Tags
 
Add a new tag
Caveats
  • Supply blocks, unpowered buildings, or Contaminate may cause inaccurate times.
  • Supply counts are checked every 10 seconds.